Map: 벨시르 잔재 (공허)

Players

Harstem

  • Race: Protoss Protoss
  • Spawn Location: 11:00

jjakji - Winner!

  • Race: Terran Terran
  • Spawn Location: 5:00

Event: IEM XI Katowice - World Championship 2017

VOD

Have the link to the VOD?

Description

Time

  • Played on: March 2, 2017, 6 a.m.
  • Length: 9:02

All games in this series

Show
View Real Time Build Order
Export as new Build Order

Harstem Protoss 

Build Orders: 1 Gate Expand, Oracle Opening, Phoenix Opening 

Get SALT Encoding   

  12  0:00  Probe (Chrono Boost)  
  13  0:11  Probe (Chrono Boost)  
  14  0:16  Pylon  
  14  0:22  Probe (Chrono Boost)  
  15  0:35  Gateway, Probe (Chrono Boost)  
  16  0:45  Probe (Chrono Boost)  
  16  0:46  Assimilator  
  17  0:56  Probe (Chrono Boost)  
  18  1:06  Probe (Chrono Boost)  
  19  1:21  Nexus  
  19  1:28  Cybernetics Core  
  19  1:29  Probe (Chrono Boost)  
  20  1:35  Assimilator  
  21  1:40  Probe (Chrono Boost)  
  21  1:44  Pylon  
  21  1:53  Probe (Chrono Boost)  
  22  2:04  Adept  
  26  2:14  Warp Gate  
  26  2:18  Probe (Chrono Boost)  
  26  2:22  Stargate  
  25  2:29  Adept  
  26  2:30  Probe (Chrono Boost)  
  26  2:33  Probe (Chrono Boost)  
  29  2:42  Probe (Chrono Boost)  
  31  2:44  Probe (Chrono Boost)  
  31  2:53  Probe (Chrono Boost)  
  31  2:54  Probe (Chrono Boost)  
  33  3:00  Oracle  
  33  3:04  Probe (Chrono Boost)  
  33  3:05  Probe (Chrono Boost)  
  38  3:15  Probe (Chrono Boost)  
  38  3:18  Nexus  
  40  3:23  Pylon  
  40  3:25  Mothership Core (Chrono Boost)  
  40  3:26  Probe (Chrono Boost)  
  42  3:33  Phoenix  
  42  3:37  Probe (Chrono Boost)  
  45  3:43  Pylon  
  45  3:45  Probe (Chrono Boost)  
  45  3:47  Probe (Chrono Boost)  
  47  3:51  Gateway  
  47  3:54  Gateway  
  48  3:57  Probe (Chrono Boost)  
  48  3:58  Probe (Chrono Boost)  
  48  3:59  Phoenix  
  49  4:08  Probe (Chrono Boost)  
  49  4:09  Probe (Chrono Boost)  
  53  4:19  Probe (Chrono Boost)  
  53  4:21  Probe (Chrono Boost)  
  54  4:25  Adept  
  54  4:29  Probe (Chrono Boost)  
  57  4:33  Probe (Chrono Boost)  
  57  4:36  Probe (Chrono Boost)  
  57  4:38  Assimilator, Phoenix  
  58  4:40  Probe (Chrono Boost)  
  58  4:41  Forge  
  58  4:43  Assimilator  
  58  4:44  Twilight Council, Probe (Chrono Boost)  
  62  4:47  Adept, Probe (Chrono Boost)  
  62  4:51  Adept, Probe (Chrono Boost)  
  62  4:52  Adept  
  70  4:58  Pylon  
  70  5:01  Protoss Ground Weapons Level 1, Probe (Chrono Boost)  
  70  5:02  Probe x2 (Chrono Boost)  
  73  5:07  Phoenix  
  73  5:12  Pylon  
  73  5:13  Probe x2 (Chrono Boost)  
  77  5:20  Resonating Glaives, Probe (Chrono Boost)  
  78  5:25  Probe (Chrono Boost)  
  80  5:30  Pylon  
  80  5:33  Pylon  
  81  5:36  Robotics Facility  
  81  5:38  Adept x2  
  83  5:46  Probe (Chrono Boost)  
  83  5:49  Gateway  
  84  5:53  Gateway, Probe (Chrono Boost)  
  84  5:54  Probe (Chrono Boost)  
  87  5:58  Pylon, Probe (Chrono Boost)  
  87  6:01  Phoenix, Sentry  
  87  6:03  Probe (Chrono Boost)  
  90  6:06  Probe (Chrono Boost)  
  94  6:11  Pylon  
  94  6:12  Adept x2  
  94  6:14  Pylon  
  99  6:21  Gateway  
  99  6:23  Gateway  
  97  6:28  Adept  
  97  6:29  Phoenix  
  97  6:30  Observer  
  97  6:31  Probe (Chrono Boost)  
  103  6:34  Adept x2  
  107  6:46  Immortal  
  108  6:47  Probe (Chrono Boost)  
  108  6:50  Pylon, Adept x3  
  118  7:00  Adept x2  
  104  7:08  Phoenix  
  89  7:12  Adept x3  
  91  7:21  Stalker x3  
  91  7:22  Probe (Chrono Boost)  
  93  7:24  Stalker  
  95  7:31  Probe x2 (Chrono Boost)  
  95  7:33  Adept x2  
  95  7:34  Adept  
  88  7:47  Adept x5  
  80  7:52  Stalker  
  80  7:53  Probe (Chrono Boost)  
  80  7:55  Probe (Chrono Boost)  
  80  7:56  Stalker  
  80  7:57  Pylon x2  
  78  8:10  Stalker x5  
  85  8:20  Observer  
  76  8:29  Stalker x2  
  76  8:33  Adept x5  
  89  8:36  Probe (Chrono Boost)  
Show
View Real Time Build Order
Export as new Build Order

jjakji Terran - Winner!

Build Orders: MMM Bio 

Get SALT Encoding   

  12  0:00  SCV  
  13  0:12  SCV  
  14  0:16  Supply Depot  
  14  0:24  SCV  
  15  0:38  SCV  
  15  0:39  Barracks  
  16  0:43  Refinery  
  16  0:50  SCV  
  17  1:02  SCV  
  18  1:14  SCV  
  19  1:26  Orbital Command  
  19  1:27  Marine  
  20  1:39  Command Center  
  20  1:52  Factory  
  20  1:53  SCV  
  21  2:03  Barracks Reactor  
  21  2:05  SCV  
  22  2:09  Supply Depot  
  22  2:14  Refinery  
  22  2:17  SCV  
  23  2:31  SCV  
  24  2:40  Marine x2, Starport  
  24  2:43  Widow Mine, SCV  
  29  2:52  Orbital Command  
  29  2:55  SCV  
  29  2:57  Marine x2  
  32  3:07  SCV  
  32  3:12  Widow Mine  
  33  3:15  Marine x2  
  33  3:17  Medivac  
  33  3:19  SCV  
  40  3:20  SCV  
  40  3:25  Supply Depot  
  41  3:31  SCV  
  41  3:32  SCV  
  41  3:33  Marine  
  44  3:35  Marine  
  45  3:42  Factory Tech Lab  
  45  3:43  SCV  
  45  3:47  SCV  
  47  3:48  Barracks  
  47  3:51  Marine  
  47  3:53  Marine  
  47  3:54  Engineering Bay  
  50  4:05  SCV x2  
  50  4:09  Marine  
  51  4:10  Barracks  
  51  4:11  Marine  
  52  4:24  Factory Tech Lab, Starport Reactor  
  52  4:26  Marine  
  52  4:27  Terran Infantry Weapons Level 1, Supply Depot x2  
  52  4:28  SCV  
  54  4:37  Marine, SCV  
  54  4:47  Refinery  
  54  4:48  Marine  
  54  4:49  SCV x2  
  54  4:50  Factory Reactor  
  57  4:55  Marine, Supply Depot  
  57  4:57  Marine  
  57  4:58  Stimpack  
  59  5:00  Medivac  
  59  5:01  SCV x2  
  59  5:02  Marine, Combat Shields  
  59  5:06  Marine  
  65  5:08  Medivac  
  65  5:10  Supply Depot  
  65  5:13  SCV  
  68  5:19  Marine  
  68  5:20  Marine x2  
  69  5:24  Marine, SCV, Supply Depot  
  69  5:25  Liberator, SCV  
  69  5:27  Widow Mine  
  74  5:29  Widow Mine, Refinery  
  76  5:36  Supply Depot  
  76  5:37  Liberator, Marine x2, SCV  
  76  5:38  Marine, SCV  
  76  5:42  Marine  
  85  5:47  Supply Depot  
  85  5:49  SCV  
  86  5:50  SCV  
  86  5:52  Supply Depot  
  89  5:59  Missile Turret  
  89  6:01  Marine, Missile Turret  
  89  6:04  Marine  
  90  6:09  Marine x2  
  90  6:10  Widow Mine x2  
  97  6:12  Liberator  
  97  6:14  SCV x2  
  99  6:20  Liberator, Supply Depot  
  102  6:33  Marine x3  
  102  6:39  Widow Mine x2  
  110  6:45  Missile Turret  
  110  6:47  Marine  
  110  6:51  Marine x2  
  112  6:55  Liberator  
  112  6:59  Marine  
  99  7:03  Liberator  
  99  7:04  Marine  
  99  7:07  Widow Mine x2  
  95  7:09  Marine x2  
  96  7:17  Marine  
  96  7:19  Barracks x2  
  99  7:23  Marauder  
  99  7:26  Marine  
  102  7:33  Marine  
  102  7:35  Marauder  
  102  7:36  Widow Mine x2  
  101  7:44  Marauder  
  101  7:45  Liberator  
  101  7:49  Marine  
  101  7:50  SCV x2  
  101  7:51  Marine  
  97  7:55  Medivac  
  97  7:57  Marauder  
  101  8:04  Widow Mine  
  101  8:05  Widow Mine  
  108  8:06  Marine, Marauder  
  108  8:08  Marine  
  111  8:18  Marauder  
  110  8:26  Marine x2, Command Center  
  111  8:27  Marauder, Barracks Tech Lab, Barracks Reactor  
  111  8:32  Medivac  
  111  8:33  Widow Mine x2  
  114  8:38  SCV x2  
  114  8:39  Marauder  
  114  8:40  Armory  
  114  8:41  Engineering Bay  
  118  8:44  Marine  

Tags
 
Add a new tag
Caveats
  • Supply blocks, unpowered buildings, or Contaminate may cause inaccurate times.
  • Supply counts are checked every 10 seconds.